 Dungeon Crawl Stone Soup version 0.28-a0-580-ga2639ab843 (webtiles) character file.

Game seed: 6118540485788136779

202 KoroneIsBestGirl the Covered (level 5, -1/43 HPs)
             Began as a Barachi Fighter on Oct 2, 2021.
             Slain by Terence (8 damage)
             ... on level 2 of the Dungeon.
             The game lasted 00:02:51 (2625 turns).

KoroneIsBestGirl the Covered (Barachi Fighter)      Turns: 2625, Time: 00:02:51

Health: -1/43      AC: 13    Str: 17 (18) XL:     5   Next: 80%
Magic:  1/1        EV:  5    Int:  6 (9)  God:
Gold:   52         SH:  4    Dex:  8 (11) Spells: 4/4 levels left

rFire   . . .      SeeInvis .   g - +2 dagger (antimagic)
rCold   . . .      Faith    .   c - +0 buckler
rNeg    . . .      Spirit   .   h - +0 plate armour
rPois   .          Reflect  .   i - +0 helmet
rElec   .          Harm     .   (no cloak)
rCorr   .          Rampage  .   (no gloves)
Will    .....                   (no boots)
Stlth   ..........              (no amulet)
HPRegen 0.14/turn               (no ring)
MPRegen 0.07/turn               (no ring)

@: slow
A: amphibious, slowness 1, strong legs 1, +LOS
a: Hop


You were on level 2 of the Dungeon.
You visited 1 branch of the dungeon, and saw 2 of its levels.

You collected 52 gold pieces.

Inventory:

Hand Weapons
 a - a +0 long sword
 g - a +2 antimagic dagger (weapon)
Armour
 b - a +0 scale mail
 c - a +0 buckler (worn)
 h - a +0 plate armour (worn)
 i - a +0 helmet (worn)
Wands
 d - a wand of iceblast (9)
Scrolls
 f - a scroll of identify {unknown}
 j - a scroll of magic mapping {unknown}
Potions
 e - 2 potions of degeneration


   Skills:
 + Level 4.9 Fighting
 + Level 4.1 Long Blades
 + Level 5.2 Armour
 - Level 4.0 Shields


You had 4 spell levels left.
You didn't know any spells.
Your spell library was empty.

Dungeon Overview and Level Annotations

Branches:
Dungeon (2/15)

Altars:

Annotations:
D:2 Terence


Innate Abilities, Weirdness & Mutations

You are amphibious.
You cover ground slowly.
You can hop short distances.
You have an extended range of vision and can be seen from far away.


Message History

You are too injured to fight recklessly!
You are too injured to fight recklessly!
You hit Terence but do no damage.
Terence is heavily wounded.
Terence hits you but does no damage.
Your plate armour prevents you from hitting Terence.
Terence is heavily wounded.
Terence hits you but does no damage.
You barely miss Terence.
Terence is heavily wounded.
Terence hits you with a +0 flail.
You hit Terence.
Terence is severely wounded.
Terence hits you but does no damage.
You barely miss Terence.
Terence is severely wounded.
Terence hits you with a +0 flail!
* * * LOW HITPOINT WARNING * * *
You hit Terence.
Terence is almost dead.
Terence barely misses you.
You hit Terence but do no damage.
Terence is almost dead.
Terence hits you but does no damage.
You hit Terence but do no damage.
Terence is almost dead.
You block Terence's attack.
You hit Terence but do no damage.
Terence is almost dead.
You hit Terence but do no damage.
Terence is almost dead.
Terence hits you but does no damage.
You hit Terence but do no damage.
Terence is almost dead.
Terence hits you with a +0 flail.
* * * LOW HITPOINT WARNING * * *
You closely miss Terence.
Terence is almost dead.
Terence hits you with a +0 flail!
You die...

#######.############
#.# #†# #≈≈≈≈≈≈≈≈#
#.# #.#
#≈≈≈..≈≈≈#######.#
#.#
#≈≈#.##≈≈#....##.#
#.# ..#.#..'.##.##.#
#.# #≈
#.#...'.......# #.#
#≈≈##.#≈≈####.####
#.#
#≈≈≈.@≈≈≈####.####.#
#.#
#≈≈≈≈≈@≈≈#.........#
### #.#
#############.######
..# ###.# #...#
..###...# #...#
........# #...#
.)###...#### ##.##
...........##
#####..(######
##..........#
#.....#......#
##..........#
#.###...####.#


You could see Terence.

Vanquished Creatures
  Sigmund (D:2)
  An adder (D:2)
  A worm (D:2)
  A dart slug (D:1)
  2 endoplasms
  A giant cockroach (D:2)
  2 goblins (D:1)
  4 hobgoblins
  7 kobolds
  2 quokkas
  2 ball pythons
  2 bats
  A frilled lizard (D:1)
  4 rats
31 creatures vanquished.

Vanquished Creatures (others)
  A fungus (D:1)
  2 plants (D:1)
3 creatures vanquished.

Grand Total: 34 creatures vanquished

Notes
Turn   | Place    | Note
-------+----------+-------------------------------------------
     0 | D:1      | KoroneIsBestGirl the Barachi Fighter began the quest for
                  | the Orb.
     0 | D:1      | Reached XP level 1. HP: 18/18 MP: 1/1
   525 | D:1      | Reached XP level 2. HP: 25/25 MP: 0/2
  1010 | D:1      | Found a faded altar of an unknown god.
  1246 | D:2      | Reached skill level 4 in Armour
  1246 | D:2      | Reached XP level 3. HP: 23/30 MP: 1/3
  1363 | D:2      | Noticed Sigmund
  1380 | D:2      | HP: 1/30 [something (11)]
  1383 | D:2      | Killed Sigmund
  1384 | D:2      | Reached skill level 5 in Armour
  1384 | D:2      | Reached XP level 4. HP: 2/38 MP: 1/4
  1384 | D:2      | Reached XP level 5. HP: 2/43 MP: 1/5
  1954 | D:2      | Noticed Terence
  2625 | D:2      | Slain by Terence

Illustrated notes

Levels and vault maps discovered:
D:1:      kennysheep_arrival_forest, layout_rooms,
          shapermc_ecumenical_altar_mp_ritualfount
D:2:      layout_loops_ring, serial_bayou_pond_c, kennysheep_generic_room_4,
          uniq_terence, uniq_sigmund

Skill      XL: |  1  2  3 |
---------------+----------+-----
Armour         | 4 5 |  5.2
Fighting       | 4 |  4.9
Long Blades    | 4 |  4.1
Shields        | 4 |  4.0

Action                   |  1- 3 |  4- 6 || total
-------------------------+-------+-------++-------
Melee: Long sword        |    27 |       ||    27
       Dagger            |    69 |   110 ||   179
 Abil: Hop               |       |     1 ||     1
  Use: Potion            |     1 |     1 ||     2
Armor: Scale mail        |    14 |       ||    14
       Plate armour      |    44 |    43 ||    87
Dodge: Dodged            |    27 |     9 ||    36
Block: Buckler           |    20 |    19 ||    39

Table legend: (Time is in decaauts)
 A = Elapsed time spent in this place.
 B = Non-inter-level travel time spent in this place.
 C = Inter-level travel time spent in this place.
 D = Time resting spent in this place.
 E = Time spent auto-exploring this place.
 F = Levels seen in this place.
 G = Mean time per level.
                   A        B        C        D        E       F      G
               +--------+--------+--------+--------+--------+-----+--------+
         Total |   2778 |   2714 |     64 |    237 |   1789 |   2 | 1389.0 |
       Dungeon |   2778 |   2714 |     64 |    237 |   1789 |   2 | 1389.0 |
               +--------+--------+--------+--------+--------+-----+--------+

Top non-repeatable levels by time:
     D:2: 1439 daAuts
     D:1: 1338 daAuts
